 Dungeon Crawl Stone Soup version 0.26.1-11-gd32895ea62 (webtiles) character file.

Game seed: 2764942087415910440

112 Zeld the Sneak (level 4, -5/29 HPs)
             Began as an Octopode Brigand on May 14, 2021.
             Slain by an ogre
             ... wielding a +0 giant spiked club
              (34 damage)
             ... on level 4 of the Dungeon.
             The game lasted 00:02:41 (2370 turns).

Zeld the Sneak (Octopode Brigand)                   Turns: 2370, Time: 00:02:42

Health: -5/29      AC:  1    Str: 11    XL:     4   Next: 95%
Magic:  7/7        EV: 13    Int: 13    God:
Gold:   176        SH:  0    Dex: 13    Spells: 7/7 levels left

rFire    . . .     SeeInvis .   a - +2 dagger
rCold    . . .     Faith    .   (no shield)
rNeg     . . .     Spirit   .   (helmet restricted)
rPois    .         Reflect  .   (no amulet)
rElec    .         Harm     .   (no ring)
rCorr    .         Rampage  .   (no ring)
Will     .....                  (no ring)
Stlth    ++++......             (no ring)
HPRegen  0.09/turn              (no ring)
MPRegen  0.10/turn              (no ring)
                                (no ring)
                                (no ring)

@: no status effects
A: almost no armour, stealthy swim, amphibious, 8 rings, constrict 8, camouflage
1, gelatinous body 1
a: no special abilities


You were on level 4 of the Dungeon.
You visited 1 branch of the dungeon, and saw 4 of its levels.

You collected 176 gold pieces.

Inventory:

Hand Weapons
 a - a +2 dagger (weapon)
Missiles
 b - 2 poisoned darts (quivered)
 c - 2 curare-tipped darts
Jewellery
 o - a cursed amulet of inaccuracy {unknown}
 t - an uncursed ring of wizardry {unknown}
 v - a +4 ring of slaying {unknown}
Scrolls
 f - a scroll of fog {unknown}
 h - a scroll of amnesia {unknown}
 j - 2 scrolls of remove curse {unknown}
 k - 2 scrolls of enchant armour {unknown}
 l - 2 scrolls of magic mapping {unknown}
 q - 2 scrolls of teleportation {unknown}
 r - a scroll of noise {unknown}
 s - a scroll of identify {unknown}
 w - a scroll of blinking {unknown}
Potions
 d - a potion of lignification {unknown}
 e - 2 potions of magic {unknown}
 g - 2 potions of degeneration {unknown}
 i - 2 potions of invisibility {unknown}
 m - a potion of cancellation {unknown}
 n - a potion of curing {unknown}
 p - 3 potions of mutation {unknown}
 u - a potion of heal wounds {unknown}
 x - a potion of haste {unknown}


   Skills:
 - Level 2.0 Fighting
 - Level 2.0 Short Blades
 * Level 4.2 Throwing
 - Level 1.0 Dodging
 - Level 5.3 Stealth
 + Level 2.0 Spellcasting


You had 7 spell levels left.
You didn't know any spells.
Your spell library was empty.

Dungeon Overview and Level Annotations

Branches:
Dungeon (4/15)
 Temple: D:4-7

Altars:
Ashenzari
Qazlal
Ru
Sif Muna
The Shining One

Annotations:
D:3 3 runed translucent doors, Tirrikindir's ghost, novice OpFi


Innate Abilities, Weirdness & Mutations

You cannot wear most types of armour.
You are very stealthy in the water. (Stealth+)
You are amphibious.
You can wear up to eight rings at the same time.
You can use your tentacles to constrict eight enemies at once.
Your skin changes colour to match your surroundings (Stealth+).
Your rubbery body absorbs attacks. (AC +1, EV +1)


Message History

Press: ? - help, Q - select action, (/) - cycle Shift-Dir - straight line, f/p - ogre
Aim: an ogre, wielding a +0 giant spiked club (moderately wounded, extremely poisoned, 75% to hit)
You throw a poisoned dart. The poisoned dart hits the ogre!
The ogre looks as sick as possible!
The ogre is moderately wounded.
Throw: 4 darts (poison)
Press: ? - help, Q - select action, (/) - cycle Shift-Dir - straight line, f/p - ogre
Aim: an ogre, wielding a +0 giant spiked club (moderately wounded, extremely poisoned, 75% to hit)
You throw a poisoned dart. The poisoned dart hits the ogre!
The ogre looks as sick as possible!
The ogre is moderately wounded.
Throw: 3 darts (poison)
Press: ? - help, Q - select action, (/) - cycle Shift-Dir - straight line, f/p - ogre
Aim: an ogre, wielding a +0 giant spiked club (moderately wounded, extremely poisoned, 75% to hit)
You throw a poisoned dart. The poisoned dart hits the ogre.
The ogre looks as sick as possible!
The ogre is moderately wounded.
The ogre hits you with a +0 giant spiked club!!
Ouch! That really hurt!
You die...

# ##.............. #
#...............# #
#...............### #
#.................# #. ##
#.................##..
.#####.....................
..#..##....................
...........................
........<..#....@..........
...#...##..#<..#.O.........
..###.######..###..........
.####.# #..# ###O##...(. .#
#..# #...# #......... .#
#>.# ##.## #.....#.... .
#..## .. #....(## .. #..
... .......(. ...
....##...(.


You could see a two-headed ogre and an ogre (extremely poisoned).

Vanquished Creatures
  An orc wizard (D:3)
  4 adders
  A worm (D:3)
  2 dart slugs
  2 leopard geckos
  2 orcs (D:3)
  A giant cockroach (D:2)
  7 goblins
  3 hobgoblins
  8 bats
  3 frilled lizards
  7 kobolds
  3 rats
44 creatures vanquished.

Notes
Turn   | Place    | Note
-------+----------+-------------------------------------------
     0 | D:1      | Zeld the Octopode Brigand began the quest for the Orb.
     0 | D:1      | Reached XP level 1. HP: 14/14 MP: 1/1
    48 | D:1      | Found a broken altar of Ashenzari.
    99 | D:1      | You fall into a shaft and drop 1 floor!
   103 | D:2      | Reached XP level 2. HP: 19/19 MP: 2/2
   386 | D:1      | Reached skill level 1 in Spellcasting
   672 | D:1      | Reached XP level 3. HP: 24/24 MP: 4/4
   857 | D:2      | Noticed a fire elemental
   859 | D:2      | Found a stormy altar of Qazlal.
   861 | D:2      | Noticed a water elemental
   861 | D:2      | Noticed an earth elemental
   861 | D:2      | Noticed an air elemental
  1260 | D:2      | Found a shimmering blue altar of Sif Muna.
  1538 | D:3      | Found a runed translucent gate.
  1539 | D:3      | Found a runed translucent gate.
  1542 | D:3      | Found a glowing golden altar of the Shining One.
  1545 | D:3      | Found a runed translucent gate.
  1546 | D:3      | Noticed Tirrikindir's ghost (novice OpFi)
  1546 | D:3      | Noticed a big kobold
  1547 | D:3      | Identified the +10 short sword of Equilibrium {venom,
                  | *Noise rPois Will+ Int+6}
  1680 | D:3      | Reached XP level 4. HP: 29/29 MP: 6/6
  2233 | D:3      | Found a sacrificial altar of Ru.
  2327 | D:4      | Noticed an ogre
  2362 | D:4      | Noticed a two-headed ogre
  2370 | D:4      | Slain by an ogre

Illustrated notes

Levels and vault maps discovered:
D:1:      noname_arrival_rooms_in_the_neighbourhood, layout_basic,
          evilmike_ruin_ashenzari
D:2:      layout_rooms, overflow_temple_1_default,
          nicolae_qazlal_style_of_elements
D:3:      layout_rooms, nicolae_ru_path_of_blood, lemuel_crystal_altar,
          gammafunk_ghost_nasty_kobolds
D:4:      layout_cave_pools, gammafunk_ghost_gnarly_gnolls

Skill      XL: |  1  2  3  4 |
---------------+-------------+-----
Spellcasting   | 1 2 |  2.0
Throwing       | 3 4 |  4.2
Fighting       | |  2.0
Short Blades   | |  2.0
Dodging        | |  1.0
Stealth        | |  5.3

Action                   |  1- 3 |  4- 6 || total
-------------------------+-------+-------++-------
Melee: Dagger            |    73 |    18 ||    91
       Constrict         |    21 |     5 ||    26
       Tentacles         |     8 |     4 ||    12
Throw: Dart              |       |     6 ||     6
 Stab: Sleeping          |    12 |     3 ||    15
       Distracted        |     1 |       ||     1
Armor: Skin              |     8 |     2 ||    10
Dodge: Dodged            |    42 |     9 ||    51
